 Dungeon Crawl Stone Soup version 0.21-a0-404-g291f19a (webtiles) character file.

201 graki42 the Charmwright (level 6, -11/41 HPs)
             Began as a Halfling Skald on Oct 30, 2017.
             Mangled by a two-headed ogre
             ... wielding a +0 giant club
              (13 damage)
             ... on level 4 of the Dungeon.
             The game lasted 00:08:18 (3314 turns).

graki42 the Charmwright (Halfling Skald)            Turns: 3314, Time: 00:08:19

Health: -11/41     AC:  3    Str: 12    XL:     6   Next: 7%
Magic:  8/9        EV: 15    Int: 11    God:
Gold:   173        SH:  0    Dex: 20    Spells: 4/9 levels left

rFire    . . .     SeeInvis .   a - +0 falchion
rCold    . . .     Gourm    +   (shield restricted)
rNeg     . . .     Faith    .   b - +0 leather armour
rPois    .         Spirit   .   (no helmet)
rElec    .         Reflect  .   (no cloak)
rCorr    .         Harm     .   (no gloves)
MR       .....                  (no boots)
Stlth    ++........             h - amulet of the gourmand
HPRegen  0.13/turn              g - +4 ring of dexterity
MPRegen  0.11/turn              k - ring of wizardry

@: singing, hasted, very quick
A: mutation resistance 1
a: no special abilities


You were on level 4 of the Dungeon.
You were completely stuffed.

You visited 1 branch of the dungeon, and saw 4 of its levels.

You collected 173 gold pieces.

Inventory:

Hand Weapons
 a - a +0 falchion (weapon)
Armour
 b - a +0 leather armour (worn)
Jewellery
 g - a +4 ring of dexterity (left hand)
 h - an amulet of the gourmand (around neck)
 k - a ring of wizardry (right hand)
Scrolls
 e - 5 scrolls of enchant weapon {unknown}
 l - 3 scrolls of identify {unknown}
 n - a scroll of amnesia {unknown}
 r - a scroll of remove curse {unknown}
Potions
 f - 3 potions of curing
 i - a potion of haste
 q - a potion of heal wounds {unknown}
 s - a potion of brilliance
Books
 c - a book of Battle

   Spells                             Type                      Level
   a - Infusion                       Charms                       1
   b - Shroud of Golubria             Charms/Translocation         2
   c - Song of Slaying                Charms                       2
   d - Spectral Weapon                Hexes/Charms                 3
   e - Regeneration                   Charms/Necromancy            3
 t - a book of Changes

   Spells                             Type                      Level
   a - Beastly Appendage              Transmutation                1
   b - Sticks to Snakes               Transmutation                2
   c - Spider Form                    Transmutation/Poison         3
   d - Ice Form                       Ice/Transmutation            4
   e - Blade Hands                    Transmutation                5
Comestibles
 d - 7 bread rations
 j - 3 meat rations
 o - a fruit
 p - a royal jelly


   Skills:
 + Level 2.4 Fighting
 + Level 3.3 Long Blades
 + Level 2.3 Armour
 + Level 2.9 Dodging
 + Level 1.3 Stealth
 + Level 2.1 Spellcasting
 + Level 4.2 Charms


You had 4 spell levels left.
You knew the following spells:

 Your Spells              Type           Power        Failure   Level  Hunger
a - Infusion              Chrm           ##..         2%          1    ##.....
b - Song of Slaying       Chrm           ##......     4%          2    ###....
c - Shroud of Golubria    Chrm/Tloc      #.........   10%         2    ###....


Dungeon Overview and Level Annotations

Branches:
Dungeon (4/15)
 Temple: D:4-7

Altars:
Qazlal
Ru
Trog


Innate Abilities, Weirdness & Mutations

You are small and have problems with some larger weapons.
You are somewhat resistant to further mutation.


Message History

You hit the two-headed ogre.
The two-headed ogre is lightly wounded.
You slash the two-headed ogre!
The two-headed ogre is moderately wounded.
The two-headed ogre hits you with a giant club!
The two-headed ogre hits you with a giant spiked club!
* * * LOW HITPOINT WARNING * * *
You hit the two-headed ogre.
The two-headed ogre is moderately wounded.
The two-headed ogre closely misses you. The two-headed ogre misses you.
All of the chunks of flesh in your inventory have rotted away.
You hit the two-headed ogre.
The two-headed ogre is moderately wounded.
The two-headed ogre barely misses you.
The two-headed ogre hits you with a giant spiked club.
* * * LOW HITPOINT WARNING * * *
Unknown command.
You feel yourself speed up. The two-headed ogre barely misses you.
The two-headed ogre hits you with a giant spiked club!
You die...

#..............#
#<..####.####..#
#...##.....##..#
#.†.#....>..#..#
#...#)......#..#
##.o...(_......#
##o#.......#..#
#O#.......#..#
#@##.....##..#
#.####.####..#
#...........##
#############


You could see a two-headed ogre and 2 orcs.

Vanquished Creatures
  13 adders
  A worm (D:2)
  4 leopard geckos
  8 orcs
  9 bats
  3 giant cockroaches
  5 goblins
  9 hobgoblins
  5 jackals
  4 kobolds (D:1)
  A ball python (D:1)
  3 frilled lizards
  A leopard gecko skeleton (D:4)
  7 rats
73 creatures vanquished.

Notes
Turn   | Place    | Note
-------+----------+-------------------------------------------
     0 | D:1      | graki42 the Halfling Skald began the quest for the Orb.
     0 | D:1      | Reached XP level 1. HP: 14/14 MP: 3/3
    99 | D:1      | Reached XP level 2. HP: 15/19 MP: 0/4
   139 | D:1      | Learned a level 2 spell: Song of Slaying
   301 | D:1      | Reached XP level 3. HP: 21/24 MP: 5/5
   479 | D:1      | Reached skill level 4 in Charms
  1350 | D:2      | Reached XP level 4. HP: 27/29 MP: 2/6
  1385 | D:2      | Found a bloodstained altar of Trog.
  1393 | D:2      | Learned a level 2 spell: Shroud of Golubria
  2312 | D:3      | Reached skill level 1 in Stealth
  2312 | D:3      | Reached XP level 5. HP: 22/34 MP: 8/8
  2460 | D:3      | Found a sacrificial altar of Ru.
  3165 | D:3      | Reached XP level 6. HP: 31/39 MP: 9/9
  3223 | D:4      | Found a stormy altar of Qazlal.
  3278 | D:4      | Noticed a two-headed ogre
  3312 | D:4      | HP: 2/41 [two-headed ogre/giant club (5)]
  3314 | D:4      | Mangled by a two-headed ogre

Vault maps used:
D:1:      dpeg_arrival_water_fire
D:2:      bloody_trog, first_bread
D:3:      nicolae_ru_awakened_eye, minmay_quantized
D:4:      kb_forest_paths, lemuel_round_altar, marbit_many_paths,
          old_standard_altar, nemelex_xobeh_ov_fountains_minmay

Skill      XL: |  1  2  3  4  5 |
---------------+----------------+-----
Fighting       | 2 |  2.4
Charms         | 4 |  4.2
Spellcasting   | 2 |  2.1
Stealth        | 1 |  1.3
Armour         | 2 |  2.3
Long Blades    | 3 |  3.3
Dodging        | |  2.9

Action                   |  1- 3 |  4- 6 || total
-------------------------+-------+-------++-------
Melee: Falchion          |    89 |   165 ||   254
 Cast: Infusion          |     8 |     6 ||    14
       Song of Slaying   |     2 |     4 ||     6
  Use: Potion            |       |     7 ||     7
 Stab: Sleeping          |     2 |     7 ||     9
  Eat: Chunk             |     5 |    15 ||    20
Armor: Leather armour    |    16 |    19 ||    35
Dodge: Dodged            |    78 |   162 ||   240
       Rpst.: Falchion   |    21 |    37 ||    58

Table legend:
 A = Spawn XP
 B = Non-spawn XP
 C = Spawn XP percentage of total XP
 D = Spawn monster count
 E = Non-spawn monster count
 F = Spawn count percentage of total count
 G = Total turns spent on level
                    A         B        C        D         E        F      G
               +---------+---------+-------+---------+---------+-------+---------
         Total |       0 |     288 |   0.0 |       0 |      73 |   0.0 |  3314
               +---------+---------+-------+---------+---------+-------+---------
           D:1 |       0 |      53 |   0.0 |       0 |      31 |   0.0 |  1050
           D:2 |       0 |      40 |   0.0 |       0 |       8 |   0.0 |   963
           D:3 |       0 |     176 |   0.0 |       0 |      30 |   0.0 |  1205
           D:4 |       0 |      19 |   0.0 |       0 |       4 |   0.0 |    96
               +---------+---------+-------+---------+---------+-------+---------
